 Dungeon Crawl Stone Soup version 0.31-a0-965-g8a8ce12e04 (webtiles) character file.

Game seed: 8269925451051007107

32 Dirtsage the Insei (level 3, 0/23 HPs)
             Began as an Octopode Shapeshifter on Oct 26, 2023.
             Slain by Robin
             ... wielding a +4 dagger of protection
              (8 damage)
             ... on level 2 of the Dungeon.
             The game lasted 00:01:55 (663 turns).

Dirtsage the Insei (Octopode Shapeshifter)           Turns: 663, Time: 00:01:55

Health: 0/23       AC:  1    Str: 13    XL:     3   Next: 25%
Magic:  3/3        EV: 13    Int: 12    God:
Gold:   24         SH:  0    Dex: 13    Spells: 2/2 levels left

rFire   . .          .
                       - Unarmed
rCold   . . .        (no shield)
rNeg    . . .        (helmet currently unavailable)
rPois   .            (no amulet)
rElec   .            (no ring)
rCorr   .            (no ring)
SInv    .            (no ring)
Will    .....        (no ring)
Stlth   ++           (no ring)
HPRegen 0.23/turn    (no ring)
MPRegen 0.08/turn    (no ring)
                     (no ring)

%: no passive effects
@: beast-form
A: beast (slay +1), almost no armour, amphibious, 8 rings, camouflage 1,
gelatinous body 1, (nimble swimmer 1), tentacles
a: Begin Untransformation


You were on level 2 of the Dungeon.
You were a hulking beast.
You visited 1 branch of the dungeon, and saw 2 of its levels.

You collected 24 gold pieces.

Inventory:

Magical Staves
 f - a staff of fire
Talismans
 b - a beast talisman
 c - a flux talisman
Scrolls
 d - 3 scrolls of identify {unknown}
 h - a scroll of silence {unknown}
 i - a scroll of vulnerability {unknown}
Potions
 a - a potion of lignification
 e - a potion of ambrosia {unknown}


   Skills:
 + Level 1.5 Fighting
 - Level 2.0 Dodging
 * Level 3.5 Unarmed Combat
 * Level 3.4 Shapeshifting


You had 2 spell levels left.
You didn't know any spells.
Your spell library was empty.

Dungeon Overview and Level Annotations

Branches:
Dungeon (2/15)

Altars:

Annotations:
D:2 Robin


Innate Abilities, Weirdness & Mutations

You are a hulking beast.
Your limbs bulge with bestial killing power. (Slay +1)
You cannot wear most types of armour.
You are amphibious.
You can wear up to eight rings at the same time.
Your skin changes colour to match your surroundings (Stealth+).
Your rubbery body absorbs attacks. (AC +1, EV +1)
((You are camouflaged when in or above water. (Stealth+)))
You have tentacles for arms and can constrict up to eight enemies at once.


Message History

Robin is lightly wounded.
You constrict Robin, but do no damage. Robin throws the goblin at you!
You take 1 damage, and have 16/23 hp.
You tentacle-slap Robin but do no damage.
You squeeze Robin.
Robin is moderately wounded.
You constrict Robin.
A goblin comes into view. It is wielding a +0 dagger.
The goblin hits you with a +0 club.
Robin hits you with a +4 dagger of protection.
You take 7 damage, and have 9/23 hp.
MASSIVE DAMAGE!!
You tentacle-slap Robin but do no damage.
Robin is moderately wounded.
You constrict Robin, but do no damage. The goblin misses you.
Robin closely misses you.
You tentacle-slap Robin but do no damage.
Robin is moderately wounded.
You constrict Robin, but do no damage. The goblin hits you with a +0 club.
Robin hits you with a +4 dagger of protection.
* * * LOW HITPOINT WARNING * * *
You take 4 damage, and have 5/23 hp.
You tentacle-slap Robin but do no damage.
Robin is moderately wounded.
You constrict Robin, but do no damage. The goblin closely misses you.
Robin roars a battlecry!
The goblin goes into a battle-frenzy!
You tentacle-slap Robin but do no damage.
Robin is moderately wounded.
You constrict Robin, but do no damage. The goblin hits you with a +0 club.
* * * LOW HITPOINT WARNING * * *
Robin flexes a bicep menacingly.
Robin closely misses you.
You take 4 damage, and have 1/23 hp.
It was a potion of curing.
You feel better.
You constrict Robin, but do no damage.
A goblin comes into view. It is wielding a +0 dagger.
The goblin misses you.
Robin hits you with a +4 dagger of protection!
You die...
Robin lets out a smug laugh.

#.# ###.######.##.##
#......)........
..#######.#.######....#
.......<..............
..#..###.)..#####....
#............# ..#
...####†.####g##.#
#..ghggg..#
#.#####g##g# #.# #.# .#
#.# #.# g# #.# #.# .#
#.# #.# .g #. #.# g#
..# g# .##


You could see Robin, 2 hobgoblins and 4 goblins.

Vanquished Creatures
  5 orcs (D:2)
  A bat (D:1)
  An endoplasm (D:1)
  3 giant cockroaches
  6 goblins
  A hobgoblin (D:1)
  3 ball pythons (D:1)
  2 frilled lizards
  A kobold (D:1)
  2 rats (D:1)
25 creatures vanquished.

Notes
Turn   | Place    | Note
-------+----------+-------------------------------------------
     0 | D:1      | Dirtsage the Octopode Shapeshifter began the quest for the
                  | Orb.
     0 | D:1      | Reached XP level 1. HP: 13/13 MP: 1/1
   168 | D:1      | Reached XP level 2. HP: 12/18 MP: 2/2
   527 | D:2      | Reached XP level 3. HP: 9/23 MP: 3/3
   626 | D:2      | Noticed Robin
   662 | D:2      | HP: 1/23 [goblin/+0 club[Robin] (4)]
   663 | D:2      | Slain by Robin

Illustrated notes

Levels and vault maps discovered:
D:1:      ncdulo_wetmaze, layout_basic
D:2:      layout_loops_ring, uniq_sigmund, uniq_robin, uniq_terence,
          uniq_crazy_yiuf_cottage

Action                     || total
---------------------------++-------
  Melee: Unarmed           ||    53
         Constrict         ||    13
         Tentacles         ||    10
         Punch             ||     1
    Use: Potion            ||     1
   Stab: Sleeping          ||     2
 Armour: Skin              ||    24
  Dodge: Dodged            ||    22

Table legend: (Time is in decaauts)
 A = Elapsed time spent in this place.
 B = Non-inter-level travel time spent in this place.
 C = Inter-level travel time spent in this place.
 D = Time resting spent in this place.
 E = Time spent auto-exploring this place.
 F = Levels seen in this place.
 G = Mean time per level.
                   A        B        C        D        E       F      G
               +--------+--------+--------+--------+--------+-----+--------+
         Total |    660 |    651 |      9 |     45 |    448 |   2 |  330.0 |
       Dungeon |    660 |    651 |      9 |     45 |    448 |   2 |  330.0 |
               +--------+--------+--------+--------+--------+-----+--------+

Top non-repeatable levels by time:
     D:1: 550 daAuts
     D:2: 109 daAuts
